 Dungeon Crawl Stone Soup version 0.30-a0-743-gbfdf073431 (webtiles) character file.

Game seed: 17791792290683430156

47 Newt the Shooter (level 3, -3/24 HPs)
             Began as a Kobold Hunter on Feb 7, 2023.
             Slain by Robin
             ... wielding a +3 trident of freezing
              (10 damage)
             ... on level 2 of the Dungeon.
             The game lasted 00:00:59 (905 turns).

Newt the Shooter (Kobold Hunter)                     Turns: 905, Time: 00:01:00

Health: -3/24      AC:  3    Str:  8    XL:     3   Next: 97%
Magic:  3/3        EV: 14    Int: 10    God:
Gold:   24         SH:  0    Dex: 20    Spells: 2/2 levels left

rFire   . . .      SeeInvis .    a - +0 shortbow
rCold   . . .      Faith    .    (shield currently unavailable)
rNeg    . . .      Spirit   .    c - +0 leather armour
rPois   .          Reflect  .    (no helmet)
rElec   .          Harm     .    (no cloak)
rCorr   .          Rampage  .    (no gloves)
Will    .....                    (no boots)
Stlth   +++                      (no amulet)
HPRegen 0.24/turn                (no ring)
MPRegen 0.08/turn                (no ring)

@: no status effects
A: small, no large weapons, nightstalker 3
a: no special abilities


You were on level 2 of the Dungeon.
You visited 1 branch of the dungeon, and saw 2 of its levels.

You collected 24 gold pieces.

Inventory:

Hand Weapons
 a - a +0 shortbow (weapon)
Armour
 c - a +0 leather armour (worn)
Scrolls
 b - a scroll of immolation
 d - a scroll of amnesia {unknown}


   Skills:
 + Level 4.3 Fighting
 - Level 5.3 Ranged Weapons
 - Level 2.4 Dodging
 - Level 1.3 Stealth


You had 2 spell levels left.
You didn't know any spells.
Your spell library was empty.

Dungeon Overview and Level Annotations

Branches:
Dungeon (2/15)

Altars:

Annotations:
D:2 Robin


Innate Abilities, Weirdness & Mutations

You are small and have problems with some larger weapons.
You are completely attuned to the shadows.


Message History

You shoot an arrow. The arrow hits the goblin.
You kill the goblin!
The goblin closely misses you. The goblin attacks as you move away!
The goblin misses you.
Things that are here:
a +0 dagger; a goblin corpse You shoot an arrow.
The arrow completely misses the goblin.
The goblin hits you with a +0 dagger.
You shoot an arrow. The arrow hits the goblin!
You kill the goblin!
There is a stone staircase leading down here.
Things that are here:
a +0 dagger; a goblin corpse You start resting.
HP restored.
Done exploring.
You climb downwards.
Level annotation: Robin The goblin hits you but does no damage.
The goblin barely misses you.
There is a stone staircase leading up, spattered with blood here.
You shoot an arrow. The arrow completely misses the goblin.
You hear an angry hiss.
Robin roars a battlecry!
The goblin goes into a battle-frenzy!
The goblin closely misses you.
You shoot an arrow. The arrow hits the goblin.
You kill the goblin!
Robin flexes a bicep menacingly.
Robin says, "My goblins will feast on your bones."
Robin hits you from afar with a +3 trident of freezing!
Robin freezes you.
You shoot an arrow. The arrow barely misses Robin.
Robin zaps a wand.
The puff of flame hits you!
* * * LOW HITPOINT WARNING * * *
You are too injured to fight recklessly!
You are too injured to fight recklessly!
Okay, then.
Your library has no spells.
Robin hits you from afar with a +3 trident of freezing!
You die...

........
..รท....
#......
#.))...
#)@....
##)##.##
##g....#
######).#.###
........#.#
).........#
........###
...###### ...


You could see Robin.

Vanquished Creatures
  2 dart slugs (D:1)
  A ball python (D:1)
  3 endoplasms (D:1)
  14 goblins
  4 hobgoblins
  2 kobolds (D:1)
  A quokka (D:1)
  4 bats (D:1)
  A frilled lizard (D:2)
  6 rats (D:1)
38 creatures vanquished.

Notes
Turn   | Place    | Note
-------+----------+-------------------------------------------
     0 | D:1      | Newt the Kobold Hunter began the quest for the Orb.
     0 | D:1      | Reached XP level 1. HP: 12/12 MP: 1/1
    43 | D:1      | Reached XP level 2. HP: 18/18 MP: 2/2
   236 | D:1      | Reached XP level 3. HP: 23/23 MP: 3/3
   634 | D:2      | Noticed Robin
   905 | D:2      | Slain by Robin

Illustrated notes

Levels and vault maps discovered:
D:1:      dpeg_arrival_short_road, layout_rooms, reono_crystal_passage
D:2:      layout_rooms, dilly_ecumenical_altar_fadedgnrine, uniq_robin

Skill      XL: |  1  2  3 |
---------------+----------+-----
Fighting       | 3 4 |  4.3
Ranged Weapons | |  5.3
Dodging        | |  2.4
Stealth        | |  1.3

Action                     || total
---------------------------++-------
   Fire: Shortbow          ||    97
 Armour: Leather armour    ||    10
  Dodge: Dodged            ||    45

Table legend: (Time is in decaauts)
 A = Elapsed time spent in this place.
 B = Non-inter-level travel time spent in this place.
 C = Inter-level travel time spent in this place.
 D = Time resting spent in this place.
 E = Time spent auto-exploring this place.
 F = Levels seen in this place.
 G = Mean time per level.
                   A        B        C        D        E       F      G
               +--------+--------+--------+--------+--------+-----+--------+
         Total |    935 |    920 |     15 |    237 |    505 |   2 |  467.5 |
       Dungeon |    935 |    920 |     15 |    237 |    505 |   2 |  467.5 |
               +--------+--------+--------+--------+--------+-----+--------+

Top non-repeatable levels by time:
     D:1: 846 daAuts
     D:2: 89 daAuts
